 Dungeon Crawl Stone Soup version 0.31-a0-424-g41b3b0883d (webtiles) character file.

Game seed: 16971637848219683755

717 Bnni the Shooter (level 7, -7/44 HPs)
             Began as a Tengu Hunter on July 30, 2023.
             Was a Follower of Okawaru.
             Mangled by an ice beast (16 damage)
             ... on level 6 of the Dungeon.
             The game lasted 00:05:37 (4434 turns).

Bnni the Shooter (Tengu Hunter)                     Turns: 4434, Time: 00:05:38

Health: -7/44      AC:  4    Str: 11    XL:     7   Next: 70%
Magic:  10/10      EV: 14    Int: 10    God:    Okawaru [*.....]
Gold:   302        SH:  0    Dex: 19    Spells: 6/6 levels left

rFire   . . .        a - +0 shortbow
rCold   . . .        (shield currently unavailable)
rNeg    . . .        c - +0 leather armour
rPois   .            (helmet restricted)
rElec   .            z - scarf {harm}
rCorr   .            t - +0 pair of gloves
SInv    .            (boots unavailable)
Will    .....        f - amulet of faith
Stlth   ++           (no ring)
HPRegen 0.27/turn    (no ring)
MPRegen 0.12/turn

%: harm (+30% outgoing, +20% incoming), faith
@: flying quickly and evasively, quick
A: beak, talons 3, nimble flight
a: Renounce Religion, Heroism


You were on level 6 of the Dungeon.
You worshipped Okawaru.
Okawaru was aware of your devotion.
You visited 2 branches of the dungeon, and saw 7 of its levels.

You collected 302 gold pieces.

Inventory:

Hand Weapons
 a - a +0 shortbow (weapon)
Missiles
 k - 12 poisoned darts
Armour
 c - a +0 leather armour (worn)
 t - a +0 pair of gloves (worn)
 z - a scarf of harm (worn)
Jewellery
 f - an amulet of faith (around neck)
 j - a ring of poison resistance
 B - a +6 ring of strength
Wands
 w - a wand of acid (4)
Scrolls
 b - a scroll of butterflies
 g - 3 scrolls of amnesia {unknown}
 h - 5 scrolls of identify {unknown}
 m - 2 scrolls of teleportation {unknown}
 o - a scroll of enchant weapon {unknown}
 r - a scroll of torment {unknown}
 s - 2 scrolls of revelation {unknown}
 y - a scroll of immolation {unknown}
Potions
 d - 2 potions of degeneration {unknown}
 e - 2 potions of enlightenment {unknown}
 i - 2 potions of mutation {unknown}
 l - 2 potions of curing {unknown}
 n - a potion of lignification {unknown}
 p - 2 potions of haste {unknown}
 q - 3 potions of magic {unknown}
 u - 2 potions of resistance {unknown}
 v - a potion of berserk rage {unknown}
 x - 2 potions of cancellation {unknown}
 A - a potion of invisibility {unknown}
 C - a potion of ambrosia {unknown}


   Skills:
 + Level 4.5 Fighting
 * Level 7.9 Ranged Weapons
 - Level 2.1 Dodging
 - Level 1.0 Stealth
 * Level 3.2 Invocations


You had 6 spell levels left.
You didn't know any spells.
Your spell library contained the following spells:

 Spells                   Type           Power      Damage    Failure   Level
 Poisonous Vapours        Pois/Air       0%         N/A       58%         2
 Inner Flame              Hex/Fire       0%         N/A       83%         3
 Mephitic Cloud           Conj/Pois/Air  0%         N/A       83%         3
 Volatile Blastmotes      Fire/Tloc      0%         2d10      83%         3
 Flame Wave               Conj/Fire      0%         2d4       99%         4
 Fulminant Prism          Conj/Hex       0%         3d5       99%         4
 Iskenderun's Mystic Bla  Conj/Tloc      0%         2d3       99%         4
 Sticky Flame             Conj/Fire      0%         2d3       99%         4
 Freezing Cloud           Conj/Ice/Air   0%         6-21      100%        5
 Ozocubu's Refrigeration  Ice            0%         4d7       100%        7
 Polar Vortex             Ice            0%         N/A       100%        9
 Simulacrum               Ice/Necr       Unusable   N/A       N/A         6

Dungeon Overview and Level Annotations

Branches:
Dungeon (6/15)             Temple (1/1) D:4

Altars:
Ashenzari
Cheibriados
Elyvilon
Gozag
Hepliaklqana
Kikubaaqudgha
Nemelex Xobeh
Okawaru
Qazlal
Ru
Sif Muna
Uskayaw
Vehumet
Zin

Annotations:
D:1 2 transporters
Temple 4 transporters


Innate Abilities, Weirdness & Mutations

You have a beak for a mouth.
You have claws for feet.
Your magical nature lets you fly swiftly and evasively.


Message History

Found a scale mail.
An ice beast comes into view.
You shoot an arrow. The arrow hits the ice beast!
The ice beast is moderately wounded.
You shoot an arrow.
The arrow hits the ice beast but does no damage.
The ice beast is moderately wounded.
You shoot an arrow.
The arrow hits the ice beast but does no damage.
The ice beast is moderately wounded.
You shoot an arrow. The arrow closely misses the ice beast.
The ice beast hits you but does no damage.
You shoot an arrow. The arrow hits the ice beast.
The ice beast is heavily wounded.
The ice beast hits you. The ice beast freezes you!
You shoot an arrow. The arrow hits the ice beast.
The ice beast is severely wounded.
The ice beast barely misses you.
You shoot an arrow. The arrow hits the ice beast.
The ice beast is almost dead.
The ice beast hits you. The ice beast freezes you!
You are too injured to fight recklessly!
Fire: a) +0 shortbow
Press: ? - help, Shift-Dir - straight line, f/p - ice beast
Aim: an ice beast (almost dead, 66% to hit)
You shoot an arrow.
The arrow hits the ice beast but does no damage.
The ice beast is almost dead.
The ice beast hits you. The ice beast freezes you.
* * * LOW HITPOINT WARNING * * *
Fire: a) +0 shortbow
Press: ? - help, Shift-Dir - straight line, f/p - ice beast
Aim: an ice beast (almost dead, 66% to hit)
You shoot an arrow.
The arrow hits the ice beast but does no damage.
The ice beast is almost dead.
The ice beast hits you.
* * * LOW HITPOINT WARNING * * *
The ice beast freezes you!
You die...

.# .# .# .#
########## .#
......[..# ##.##
.#######.###Y..#####
#####....@.......
#............####
#.###.(..#.###
#.###.###.####.#
#.........# .#
#####.##### ##+##
##.##.# ##...##
#.....# ##.....##
##.#.## ##.......##


You could see an ice beast.

Vanquished Creatures
  A water moccasin (D:5)
  An ogre (D:5)
  A phantom (D:4)
  A bullfrog (D:4)
  4 hounds
  A jelly (D:4)
  A gnoll bouda (D:5)
  2 iguanas
  2 adders
  6 gnolls
  A white imp (D:5)
  2 ufetubi (D:4)
  2 worms
  2 orcs (D:5)
  3 ball pythons
  5 endoplasms
  10 giant cockroaches
  7 hobgoblins
  6 jackals
  5 kobolds
  6 bats
  2 frilled lizards
  6 goblins
  3 rats
80 creatures vanquished.

Notes
Turn   | Place    | Note
-------+----------+-------------------------------------------
     0 | D:1      | Bnni the Tengu Hunter began the quest for the Orb.
     0 | D:1      | Reached XP level 1. HP: 12/12 MP: 2/2
   185 | D:1      | Reached XP level 2. HP: 17/17 MP: 3/3
   477 | D:1      | Reached skill level 5 in Ranged Weapons
   521 | D:1      | Reached XP level 3. HP: 22/22 MP: 4/4
   612 | D:1      | Found a faded altar of an unknown god.
  1337 | D:2      | Reached XP level 4. HP: 27/27 MP: 5/5
  2133 | D:3      | Found an opulent altar of Gozag.
  2344 | D:4      | Reached skill level 6 in Ranged Weapons
  2374 | D:3      | Gained mutation: Your magical nature lets you fly swiftly
                  | and evasively. [Tengu growth]
  2374 | D:3      | Reached XP level 5. HP: 10/32 MP: 6/6
  2543 | D:4      | Identified the +5 long sword of Qoanumpy {heavy, Stlth+}
  2716 | D:4      | Found a staircase to the Ecumenical Temple.
  2725 | Temple   | Found a transporter.
  2725 | Temple   | Found a transporter.
  2725 | Temple   | Found a transporter.
  2725 | Temple   | Found a transporter.
  2725 | Temple   | Entered the Ecumenical Temple
  2743 | Temple   | Became a worshipper of Warmaster Okawaru
  2800 | D:4      | Found a snail-covered altar of Cheibriados.
  2894 | D:4      | Noticed a phantom
  2910 | D:4      | Killed a phantom
  2911 | D:4      | Reached skill level 1 in Invocations
  2911 | D:4      | Reached XP level 6. HP: 24/38 MP: 7/7
  3022 | D:4      | Reached skill level 7 in Ranged Weapons
  3309 | D:5      | Entered Level 5 of the Dungeon
  3309 | D:5      | Noticed a water moccasin
  3315 | D:5      | Killed a water moccasin
  3316 | D:5      | Reached XP level 7. HP: 43/43 MP: 9/9
  3643 | D:5      | Reached * piety under Okawaru
  3831 | D:5      | Found a shimmering blue altar of Sif Muna.
  4434 | D:6      | Mangled by an ice beast

Illustrated notes

Levels and vault maps discovered:
D:1:      spicycebolla_arrival_transporter_tutorial, layout_loops_cross,
          basic_ecumenical_altar, hangedman_glass_teeth, serial_bayou_crossing
D:2:      minmay_roachtagon, layout_basic, mrwooster_statue_mirror,
          minmay_misc_feat_doors
D:3:      layout_loops_ring, nicolae_overflow_crystal_walls,
          grunt_decor_one_mirror, minivault_14, amcnicky_mini_corridor_feature,
          st_stairs_9
D:4:      layout_gridville, mainiacjoe_overflow_tiny_flanked,
          minmay_temple_entry_mist
D:5:      layout_cave_pods, lemuel_blue_sif_altar, serial_column_ruins,
          column_ruins_open_small, column_ruins_grid_1, column_ruins_open_small,
          column_ruins_open_small, column_ruins_open_large
D:6:      layout_loops_corners, nicolae_tso_carved_into_rock,
          makhleb_grotto_becter, minmay_checkerbox, uniq_grinder, uniq_sigmund,
          uniq_prince_ribbit1, uniq_edmund, uniq_duvessa
Temple:   hellmonk_temple_divided_pantheon

Skill      XL: |  1  2  3  4  5  6  7 |
---------------+----------------------+-----
Ranged Weapons | 5 6 7 |  7.9
Fighting       | 3 4 |  4.5
Invocations    | 1 2 3 |  3.2
Dodging        | |  2.1
Stealth        | |  1.0

Action                     |  1- 3 |  4- 6 |  7- 9 || total
---------------------------+-------+-------+-------++-------
   Fire: Shortbow          |   113 |   129 |    71 ||   313
  Throw: Throwing net      |       |     1 |       ||     1
  Evoke: Wand              |       |     3 |     2 ||     5
 Armour: Leather armour    |    11 |    17 |     4 ||    32
  Dodge: Dodged            |    40 |    74 |    20 ||   134

Table legend: (Time is in decaauts)
 A = Elapsed time spent in this place.
 B = Non-inter-level travel time spent in this place.
 C = Inter-level travel time spent in this place.
 D = Time resting spent in this place.
 E = Time spent auto-exploring this place.
 F = Levels seen in this place.
 G = Mean time per level.
                   A        B        C        D        E       F      G
               +--------+--------+--------+--------+--------+-----+--------+
         Total |   4338 |   4196 |    142 |    265 |   3289 |   7 |  619.7 |
       Dungeon |   4305 |   4178 |    127 |    265 |   3289 |   6 |  717.5 |
        Temple |     33 |     18 |     15 |      0 |      0 |   1 |   33.0 |
               +--------+--------+--------+--------+--------+-----+--------+

Top non-repeatable levels by time:
     D:5: 985 daAuts
     D:1: 868 daAuts
     D:4: 847 daAuts
     D:3: 805 daAuts
     D:2: 742 daAuts
     D:6: 56 daAuts
  Temple: 33 daAuts
